 Dungeon Crawl Stone Soup version 0.31.0-11-ge490571c62 (webtiles) character file.

Game seed: 10685126505292142131

178 MollyMolluskus the Ducker (level 5, 0/54 HPs)
             Began as an Octopode Fighter on Jan 31, 2024.
             Frozen to death by an endoplasm (1 damage)
             ... on level 4 of the Dungeon.
             The game lasted 00:07:15 (1789 turns).

MollyMolluskus the Ducker (Octopode Fighter)        Turns: 1789, Time: 00:07:16

Health: 0/54       AC: 22    Str: 17    XL:     5   Next: 58%
Magic:  5/5        EV:  2    Int: 10    God:
Gold:   271        SH:  4    Dex: 12    Spells: 4/4 levels left

rFire   . .          .
                       - Unarmed
rCold   . . .        a - +0 buckler
rNeg    . . .        (helmet currently unavailable)
rPois   +            (no amulet)
rElec   .            (no ring)
rCorr   .            (no ring)
SInv    .            (no ring)
Will    .....        (no ring)
Stlth   ++           (no ring)
HPRegen 0.29/turn    (no ring)
MPRegen 0.09/turn    (no ring)
                     (no ring)

%: no passive effects
@: mighty, tree-form
A: stationary, stasis, torment immunity, boosted hp, almost no armour,
(amphibious), 8 rings, (camouflage 1), (gelatinous body 1), (nimble swimmer 1),
(tentacles)
a: no special abilities


You were on level 4 of the Dungeon.
You were a tree.
You visited 1 branch of the dungeon, and saw 4 of its levels.

You collected 271 gold pieces.

Inventory:

Missiles
 f - 9 stones (quivered)
 g - 8 poisoned darts
Armour
 a - a +0 buckler (worn)
Scrolls
 d - 2 scrolls of fog
Potions
 c - a potion of resistance
 e - a potion of mutation


   Skills:
 + Level 3.5 Fighting
 + Level 3.7 Dodging
 + Level 2.8 Stealth
 + Level 3.5 Shields
 * Level 3.6 Unarmed Combat


You had 4 spell levels left.
You didn't know any spells.
Your spell library was empty.

Dungeon Overview and Level Annotations

Branches:
Dungeon (4/15)
 Temple: D:4-7

Altars:
Ru
The Shining One

Shops:
D:1 =


Innate Abilities, Weirdness & Mutations

You are a tree.
Your roots penetrate the ground, keeping you stationary.
You cannot be teleported.
You are immune to unholy pain and torment.
Your maximum health is greatly increased.
You cannot wear most types of armour.
((You are amphibious.))
You can wear up to eight rings at the same time.
((Your skin changes colour to match your surroundings (Stealth+).))
((Your rubbery body absorbs attacks. (AC +1, EV +1)))
((You are camouflaged when in or above water. (Stealth+)))
((You have tentacles for arms and can constrict up to eight enemies at once.))


Message History

You miss the adder. Your grab misses the adder.
You feel sick. The adder completely misses you. The ball python bites you.
The ball python constricts you. You block the adder's attack.
Unknown command.
You barely miss the adder. Your grab misses the adder.
The ball python closely misses you. The ball python constricts you.
You block the adder's attack.
Unknown command.
You miss the adder. Your grab misses the adder. You tentacle-slap the adder!
You squeeze the adder.
You kill the adder!
You feel sick. The endoplasm freezes you.
You are frozen.
The ball python bites you. The ball python constricts you.
Unknown command.
You bludgeon the ball python!
You kill the ball python!
You feel sick. The phantom hits you. The endoplasm freezes you.
You are frozen.
* * * LOW HITPOINT WARNING * * *
Unknown command.
It was a potion of lignification.
You turn into a tree.
Your roots penetrate the ground.
You feel sick. The phantom hits you.
* * * LOW HITPOINT WARNING * * *
The endoplasm hits you but does no damage.
You smack the phantom!
The phantom is heavily damaged.
You feel sick.
You are no longer poisoned.
The phantom hits you.
* * * LOW HITPOINT WARNING * * *
The endoplasm hits you but does no damage.
You smack the phantom!
The phantom is almost destroyed.
The phantom hits you.
* * * LOW HITPOINT WARNING * * *
The endoplasm freezes you.
You are frozen.
You die...

.. .. ...
.. ..
..##. .##.
#..... ...
#...%..
..#.......
.........
#†W......
#♣J......
#<.......
##.......
.......
.......
.......
.......
###..##
#.#


You could see a phantom and an endoplasm.

Vanquished Creatures
  An ogre (D:4)
  2 adders
  A dart slug (D:3)
  A ribbon worm (D:2)
  5 orcs (D:3)
  2 bats
  4 endoplasms
  3 giant cockroaches
  3 goblins
  7 hobgoblins
  4 jackals (D:2)
  9 kobolds
  7 quokkas
  7 ball pythons
  4 frilled lizards
  8 rats
68 creatures vanquished.

Notes
Turn   | Place    | Note
-------+----------+-------------------------------------------
     0 | D:1      | MollyMolluskus the Octopode Fighter began the quest for the
                  | Orb.
     0 | D:1      | Reached XP level 1. HP: 16/16 MP: 1/1
    94 | D:1      | Reached XP level 2. HP: 20/21 MP: 2/2
   170 | D:1      | Reached skill level 1 in Stealth
   524 | D:1      | Found Plog's Jewellery Shoppe.
   556 | D:2      | Found a faded altar of an unknown god.
   562 | D:2      | Reached XP level 3. HP: 26/26 MP: 3/3
   626 | D:2      | Found a glowing golden altar of the Shining One.
  1269 | D:3      | Reached XP level 4. HP: 24/31 MP: 4/4
  1448 | D:3      | Found a sacrificial altar of Ru.
  1775 | D:4      | Noticed an ogre
  1780 | D:4      | Noticed a phantom
  1782 | D:4      | Killed an ogre
  1783 | D:4      | Reached XP level 5. HP: 26/36 MP: 5/5
  1789 | D:4      | HP: 1/54 [phantom (5)]
  1789 | D:4      | Frozen to death by an endoplasm

Illustrated notes

Levels and vault maps discovered:
D:1:      saegor_arrival_simple_b, layout_rooms, serial_shops, shop_statue,
          dreamdust_wishing_well
D:2:      layout_loops_cross, basic_altar,
          hellmonk_ecumenical_altar_pennies_from_heaven
D:3:      layout_basic, mainiacjoe_overflow_six_doors_small
D:4:      layout_cave_pools, nicolae_uskayaw_murder_on_the_dancefloor,
          lemuel_doored_altar, fedhas_altar_4

Skill      XL: |  1  2  3  4 |
---------------+-------------+-----
Stealth        | 1 2 |  2.8
Unarmed Combat | 3 |  3.6
Fighting       | |  3.5
Dodging        | |  3.7
Shields        | |  3.5

Action                     |  1- 3 |  4- 6 || total
---------------------------+-------+-------++-------
  Melee: Unarmed           |    88 |    40 ||   128
         Tentacles         |    24 |     8 ||    32
         Constrict         |    33 |     9 ||    42
         Punch             |       |     2 ||     2
  Throw: Stone             |     4 |       ||     4
    Use: Scroll            |     5 |     2 ||     7
         Potion            |       |     2 ||     2
   Stab: Sleeping          |     4 |     3 ||     7
         Distracted        |     1 |       ||     1
 Armour: Skin              |    22 |    17 ||    39
  Dodge: Dodged            |    44 |    18 ||    62
  Block: Buckler           |    12 |     9 ||    21
